 Dungeon Crawl Stone Soup version 0.30-a0-29-g142975f185 (webtiles) character file.

Game seed: 2587941147384503938

553 purpskrrrp the Cudgeller (level 7, -5/62 HPs)
             Began as a Troll Gladiator on Aug 26, 2022.
             Was a Follower of Makhleb.
             Slain by a gnoll bouda
             ... wielding a +0 club
              (7 damage)
             ... on level 5 of the Dungeon.
             The game lasted 00:09:50 (3246 turns).

purpskrrrp the Cudgeller (Troll Gladiator)          Turns: 3246, Time: 00:09:50

Health: -5/62      AC: 11    Str: 25    XL:     7   Next: 8%
Magic:  6/6        EV:  9    Int:  4    God:    Makhleb [*.....]
Gold:   232        SH:  0    Dex: 11    Spells: 6/6 levels left

rFire   + + .      SeeInvis .    a - +2 flail
rCold   x . .      Faith    .    (no shield)
rNeg    . . .      Spirit   .    j - +0 fire dragon scales
rPois   .          Reflect  .    c - +0 hat
rElec   .          Harm     .    (no cloak)
rCorr   .          Rampage  .    (gloves unavailable)
Will    .....                    (boots unavailable)
Stlth   ..........               (no amulet)
HPRegen 1.00/turn                (no ring)
MPRegen 0.10/turn                (no ring)

@: no status effects
A: large, unfitting armour, claws 3, regeneration 1, shaggy fur 1, tough skin 1
a: Renounce Religion


You were on level 5 of the Dungeon.
You worshipped Makhleb.
Makhleb was aware of your devotion.
You visited 2 branches of the dungeon, and saw 6 of its levels.

You collected 232 gold pieces.

Inventory:

Hand Weapons
 a - a +2 flail (weapon)
Missiles
 d - 2 throwing nets (quivered)
 e - a large rock
Armour
 b - a +0 robe
 c - a +0 hat (worn)
 j - +0 fire dragon scales (worn)
Jewellery
 n - an amulet of faith
 q - a ring of protection from fire
Potions
 f - a potion of mutation {unknown}
 g - a potion of magic
 h - a potion of degeneration {unknown}
 i - a potion of haste {unknown}
 k - a potion of might {unknown}
 l - a potion of lignification {unknown}
 m - a potion of flight {unknown}
 o - a potion of ambrosia {unknown}


   Skills:
 - Level 1.5 Fighting
 + Level 4.6 Maces & Flails
 - Level 1.7 Throwing
 * Level 3.7 Armour
 + Level 4.2 Dodging


You had 6 spell levels left.
You didn't know any spells.
Your spell library contained the following spells:

 Spells                   Type           Power      Damage    Failure   Level
 Poisonous Vapours        Pois/Air       0%         N/A       94%         2
 Tukima's Dance           Hex            0%         N/A       99%         3
 Corpse Rot               Necr/Pois/Air  0%         N/A       100%        4
 Passage of Golubria      Tloc           0%         N/A       100%        4
 Freezing Cloud           Conj/Ice/Air   0%         6-21      100%        5
 Yara's Violent Unravell  Hex/Tmut       0%         3d3       100%        5
 Simulacrum               Ice/Necr       0%         N/A       100%        6
 Polar Vortex             Ice            0%         N/A       100%        9


Dungeon Overview and Level Annotations

Branches:
Dungeon (5/15)             Temple (1/1) D:4

Altars:
Ashenzari
Cheibriados
Dithmenos
Elyvilon
Fedhas
Hepliaklqana
Kikubaaqudgha
Makhleb
Nemelex Xobeh
Okawaru
Qazlal
Ru
Trog
Uskayaw
Vehumet
Wu Jian
Xom
Yredelemnul
The Shining One

Shops:
D:2 [

Annotations:
D:5 2 runed translucent doors


Innate Abilities, Weirdness & Mutations

You are too large for most types of armour.
You have claws for hands.
Your natural rate of healing is unusually fast.
You are covered in fur. (AC +1)
You have tough skin. (AC +1)


Message History

The gnoll hits you but does no damage. x2
The gnoll bouda gazes fiercely through you!
You feel your attacks grow feeble.
The gnoll bouda hits you but does no damage.
The gnoll misses you.
The dart slug bites you but does no damage.
You hit the gnoll bouda.
The gnoll bouda is severely wounded.
The gnoll hits you with a +0 spear. The gnoll hits you with a +0 halberd!
The gnoll bouda hits you with a +0 club.
* * * LOW HITPOINT WARNING * * *
The gnoll barely misses you. The dart slug closely misses you.
You hit the gnoll bouda but do no damage.
The gnoll bouda is severely wounded.
The gnoll hits you with a +0 spear.
* * * LOW HITPOINT WARNING * * *
The gnoll hits you but does no damage.
The gnoll bouda hits you but does no damage.
The gnoll hits you but does no damage. The gnoll hits you with a +0 spear.
* * * LOW HITPOINT WARNING * * *
You closely miss the gnoll bouda.
The gnoll bouda is severely wounded.
The gnoll barely misses you. The gnoll bouda closely misses you.
The gnoll hits you but does no damage. The dart slug launches a dart at you.
The slug dart misses you.
The slug dart misses the gnoll.
The gnoll hits you but does no damage. The gnoll hits you with a +0 halberd!
* * * LOW HITPOINT WARNING * * *
You hit the gnoll bouda.
The gnoll bouda is almost dead.
Your attacks no longer feel as feeble.
The gnoll is no longer moving quickly. x2
The gnoll bouda barks out a call to the hunt!
The gnolls pick up the pace!
The gnoll closely misses you. The dart slug launches a dart at you.
The slug dart hits you but does no damage.
The gnoll hits you but does no damage. The gnoll barely misses you.
The gnoll bouda hits you with a +0 club!
You die...

... ....≈≈ #... ..P.
#........ ..... ...
.....#..# ..P...#.## #
......ggw## .#.
##..........@g.#....
#..........g...#....
#........#.........
###.......#.........
#.........#.........
#..................
#............##....
#............# ##..)
##.#............####...


You could see a gnoll bouda, 3 gnolls and a dart slug.

Vanquished Creatures
  2 black bears (D:4)
  A centaur (D:5)
  A jelly (D:4)
  2 iguanas
  8 gnolls
  4 adders
  A shadow imp (D:5)
  3 dart slugs
  2 orcs
  4 ball pythons
  4 endoplasms
  4 giant cockroaches
  8 goblins
  3 hobgoblins
  19 jackals
  4 kobolds
  A quokka (D:2)
  5 bats
  3 frilled lizards
  2 rats (D:2)
81 creatures vanquished.

Vanquished Creatures (others)
  4 demonic plants (D:5)
4 creatures vanquished.

Grand Total: 85 creatures vanquished

Notes
Turn   | Place    | Note
-------+----------+-------------------------------------------
     0 | D:1      | purpskrrrp the Troll Gladiator began the quest for the Orb.
     0 | D:1      | Reached XP level 1. HP: 19/19 MP: 0/0
    95 | D:1      | Reached XP level 2. HP: 27/27 MP: 1/1
   131 | D:1      | Reached XP level 3. HP: 16/33 MP: 2/2
   695 | D:2      | Found a stormy altar of Qazlal.
   735 | D:2      | Reached XP level 4. HP: 39/41 MP: 3/3
   780 | D:2      | Reached skill level 1 in Armour
   789 | D:2      | Found Bepubb's Antique Armour Shoppe.
  1048 | D:2      | Identified the +0 helmet "Bour" {Harm Rampage Dex+3}
  1751 | D:3      | Reached XP level 5. HP: 27/48 MP: 4/4
  2135 | D:4      | Found a staircase to the Ecumenical Temple.
  2204 | Temple   | Entered the Ecumenical Temple
  2306 | Temple   | Became a worshipper of Makhleb the Destroyer
  2501 | D:4      | Noticed a black bear
  2511 | D:4      | Killed a black bear
  2512 | D:4      | Reached XP level 6. HP: 55/55 MP: 5/5
  3014 | D:5      | Entered Level 5 of the Dungeon
  3014 | D:5      | Found a runed translucent door.
  3063 | D:5      | Found a runed translucent door.
  3122 | D:4      | Reached * piety under Makhleb
  3135 | D:4      | Reached XP level 7. HP: 7/62 MP: 6/6
  3245 | D:5      | HP: 1/62 [gnoll/+0 halberd[a gnoll bouda] (8)]
  3246 | D:5      | Slain by a gnoll bouda

Illustrated notes

Levels and vault maps discovered:
D:1:      scummos_arrival_forest, layout_basic
D:2:      layout_basic, basic_altar, serial_shops, shop
D:3:      layout_loops_ring
D:4:      layout_loops_ring, minmay_temple_entry_waves,
          kennysheep_generic_room_15
D:5:      layout_cave_pools, serial_demonic, serial_demonic_g, serial_demonic_a,
          serial_demonic_b, serial_demonic_c, ebering_ghost_sewer_f
Temple:   dpeg_three_leaves_temple

Skill      XL: |  1  2  3  4  5  6 |
---------------+-------------------+-----
Maces & Flails | 3 4 |  4.6
Dodging        | 3 4 |  4.2
Armour         | 1 2 3 |  3.7
Fighting       | |  1.5
Throwing       | |  1.7

Action                   |  1- 3 |  4- 6 |  7- 9 || total
-------------------------+-------+-------+-------++-------
Melee: Flail             |   157 |   160 |    13 ||   330
       Punch             |     1 |     1 |       ||     2
Throw: Throwing net      |       |     5 |       ||     5
       Large rock        |       |     1 |       ||     1
  Use: Scroll            |     4 |     5 |       ||     9
       Potion            |       |     1 |       ||     1
Armor: Robe              |    86 |       |       ||    86
       Fire dragon scale |    70 |   152 |    20 ||   242
Dodge: Dodged            |   163 |   130 |    22 ||   315

Table legend: (Time is in decaauts)
 A = Elapsed time spent in this place.
 B = Non-inter-level travel time spent in this place.
 C = Inter-level travel time spent in this place.
 D = Time resting spent in this place.
 E = Time spent auto-exploring this place.
 F = Levels seen in this place.
 G = Mean time per level.
                   A        B        C        D        E       F      G
               +--------+--------+--------+--------+--------+-----+--------+
         Total |   3321 |   3197 |    124 |    123 |   2249 |   6 |  553.5 |
       Dungeon |   3214 |   3090 |    124 |    123 |   2193 |   5 |  642.8 |
        Temple |    106 |    106 |      0 |      0 |     56 |   1 |  106.0 |
               +--------+--------+--------+--------+--------+-----+--------+

Top non-repeatable levels by time:
     D:4: 880 daAuts
     D:2: 797 daAuts
     D:3: 773 daAuts
     D:1: 612 daAuts
     D:5: 150 daAuts
  Temple: 106 daAuts
